 Dungeon Crawl Stone Soup version 0.31-a0-222-gefeffbb62a (webtiles) character file.

Game seed: 8897924527130461436

1961 BritishOli the Fighter (level 9, -3/74 HPs)
             Began as a Demonspawn Fighter on July 5, 2023.
             Was a Follower of Okawaru.
             Slain by a gnoll sergeant
             ... wielding a +0 trident
              (9 damage)
             ... on level 7 of the Dungeon.
             The game lasted 00:07:05 (5797 turns).

BritishOli the Fighter (Demonspawn Fighter)         Turns: 5797, Time: 00:07:05

Health: -3/74      AC: 11    Str: 21    XL:     9   Next: 0%
Magic:  9/9        EV: 11    Int: 12    God:    Okawaru [*.....]
Gold:   100        SH:  4    Dex: 12    Spells: 8/8 levels left

rFire   x . .        w - +5 war axe of the Globe {heavy, rF- rN++ rCorr Int+2}
rCold   + . .        c - +0 buckler
rNeg    + + .        m - +4 ring mail of Prudence {rElec rC+}
rPois   .            (helmet restricted)
rElec   +            j - +0 cloak
rCorr   +            (no gloves)
SInv    .            (no boots)
Will    .....        (no amulet)
Stlth   +            (no ring)
HPRegen 0.32/turn    (no ring)
MPRegen 0.11/turn

%: no passive effects
@: no status effects
A: antennae 1, claws 2, hooves 1
a: Renounce Religion, Heroism


You were on level 7 of the Dungeon.
You worshipped Okawaru.
Okawaru was aware of your devotion.
You visited 2 branches of the dungeon, and saw 8 of its levels.

You collected 220 gold pieces.
You spent 120 gold pieces at shops.

Inventory:

Hand Weapons
 a - a +0 war axe
 l - a +1 hand axe of electrocution
 w - the +5 war axe of the Globe (weapon) {heavy, rF- rN++ rCorr Int+2}
   (You found it on level 6 of the Dungeon)

   Int:       It affects your intelligence (+2).
   rF:        It makes you vulnerable to fire.
   rN:        It greatly protects you from negative energy.
   rCorr:     It protects you from acid and corrosion.
Armour
 c - a +0 buckler (worn)
 j - a +0 cloak (worn)
 m - the +4 ring mail of Prudence (worn) {rElec rC+}
   (You found it on level 2 of the Dungeon)

   rC:        It protects you from cold.
   rElec:     It insulates you from electricity.
 q - the +1 leather armour of the Armoured One {+Blink rC+}
   (You took it off an orc on level 3 of the Dungeon)

   rC:        It protects you from cold.
   +Blink:    It lets you blink.
Scrolls
 b - 2 scrolls of poison {unknown}
 e - 5 scrolls of identify {unknown}
 f - 3 scrolls of teleportation {unknown}
 k - a scroll of butterflies {unknown}
 n - a scroll of vulnerability {unknown}
 o - a scroll of amnesia {unknown}
 s - 2 scrolls of noise {unknown}
 u - a scroll of fog {unknown}
Potions
 d - a potion of might
 g - a potion of brilliance {unknown}
 h - a potion of curing
 i - 2 potions of heal wounds
 p - 2 potions of lignification {unknown}
 r - a potion of mutation {unknown}
 t - 2 potions of attraction {unknown}
 v - a potion of degeneration {unknown}
 x - a potion of magic {unknown}


   Skills:
 + Level 8.2 Fighting
 - Level 6.4 Axes
 + Level 4.4 Armour
 + Level 2.9 Dodging
 - Level 3.4 Shields


You had 8 spell levels left.
You didn't know any spells.
Your spell library contained the following spells:

 Spells                   Type           Power      Damage    Failure   Level
 Portal Projectile        Hex/Tloc       0%         N/A       89%         3
 Leda's Liquefaction      Hex/Erth       0%         N/A       100%        4
 Call Canine Familiar     Summ           Unusable   N/A       N/A         3

Dungeon Overview and Level Annotations

Branches:
Dungeon (7/15)             Temple (1/1) D:5

Altars:
Cheibriados
Fedhas
Gozag
Hepliaklqana
Kikubaaqudgha
Okawaru
Qazlal
Sif Muna
Trog
Vehumet
Wu Jian
Yredelemnul

Shops:
D:6 =!([


Innate Abilities, Weirdness & Mutations

You have a pair of small antennae on your head.
You have very sharp fingernails.
You have large cloven feet.


Message History

Unknown command.
You are too injured to fight recklessly!
You closely miss the water moccasin. Your kick misses the water moccasin.
The water moccasin is almost dead.
You feel sick. The water moccasin closely misses you.
The gnoll sergeant hits you from afar with a +0 trident!
You block the gnoll's attack. The water moccasin bites you.
* * * LOW HITPOINT WARNING * * *
You block the gnoll sergeant's attack.
The gnoll hits you from afar with a +0 spear.
* * * LOW HITPOINT WARNING * * *
You feel sick.
The water moccasin bites you but does no damage.
The water moccasin attacks as you move away!
The water moccasin bites you.
* * * LOW HITPOINT WARNING * * *
You feel sick.
You hit the water moccasin.
You kick the water moccasin, but do no damage.
The water moccasin is almost dead.
You feel sick.
You are no longer poisoned.
The water moccasin bites you but does no damage.
The water moccasin misses you. The gnoll sergeant barely misses you.
The water moccasin bites you but does no damage.
The gnoll sergeant hits you from afar with a +0 trident!
* * * LOW HITPOINT WARNING * * *
It was a potion of curing.
You feel better.
The water moccasin bites you but does no damage.
You block the gnoll sergeant's attack.
You miss the water moccasin. You kick the water moccasin.
The water moccasin is almost dead.
You block the water moccasin's attack. The water moccasin bites you.
* * * LOW HITPOINT WARNING * * *
The gnoll sergeant barely misses you. The water moccasin barely misses you.
You hit the water moccasin.
You kill the water moccasin!
Okawaru accepts your kill.
The gnoll sergeant hits you from afar with a +0 trident!
You die...

### ##.##
##.#.######
#.###..@†.#
##.#.####g#
##.## #.))#
#.# #......
#.#
##...#.#
##.##
##.##.# .#
#...######
##.##.
#.......#
......
#...###.#
##...## ..


You could see a gnoll sergeant.

Vanquished Creatures
  Sigmund (D:6)
  Duvessa (D:6)
  2 water moccasins
  2 black bears
  An ice beast (D:6)
  The ghost of Tyrantos the Trooper, an amateur DsFi of Ru (D:3)
  A centaur (D:7)
  A phantom (D:5)
  A bullfrog (D:7)
  A scorpion (D:6)
  3 wights (D:6)
  Dowan (D:6)
  A howler monkey (D:4)
  3 jellies
  3 hounds
  Crazy Yiuf (D:5)
  An orc priest (D:6)
  2 iguanas
  2 sleepcaps (D:4)
  5 orc wizards
  Robin (D:2)
  2 gnolls (D:7)
  5 adders
  An ufetubus (D:6)
  2 worms
  5 dart slugs
  23 orcs
  12 endoplasms
  5 giant cockroaches
  14 goblins
  4 hobgoblins
  12 jackals
  5 quokkas
  10 ball pythons
  7 bats
  5 frilled lizards
  5 kobolds
  4 rats
156 creatures vanquished.

Notes
Turn   | Place    | Note
-------+----------+-------------------------------------------
     0 | D:1      | BritishOli the Demonspawn Fighter began the quest for the
                  | Orb.
     0 | D:1      | Reached XP level 1. HP: 18/18 MP: 1/1
   123 | D:1      | Discovered your monstrous ancestry.
   123 | D:1      | Gained mutation: You have sharp fingernails. [demonic
                  | ancestry]
   123 | D:1      | Reached XP level 2. HP: 22/24 MP: 2/2
   352 | D:1      | Reached XP level 3. HP: 29/29 MP: 3/3
   950 | D:2      | You fall into a shaft and drop 1 floor!
  1041 | D:2      | Identified the +4 ring mail of Prudence {rElec rC+}
  1149 | D:2      | Noticed Robin
  1227 | D:2      | Killed Robin
  1228 | D:2      | Reached XP level 4. HP: 36/37 MP: 4/4
  1302 | D:2      | Reached skill level 4 in Fighting
  1713 | D:2      | Found a faded altar of an unknown god.
  1769 | D:3      | Gained mutation: You have large cloven feet. [demonic
                  | ancestry]
  1769 | D:3      | Reached XP level 5. HP: 23/42 MP: 5/5
  1842 | D:3      | Found a stormy altar of Qazlal.
  1842 | D:3      | Found an ancient bone altar of Kikubaaqudgha.
  1844 | D:3      | Found a radiant altar of Vehumet.
  2174 | D:3      | Found a runed translucent gate.
  2175 | D:3      | Found a runed translucent gate.
  2176 | D:3      | Found a runed translucent gate.
  2177 | D:3      | Noticed Tyrantos's ghost (amateur DsFi)
  2177 | D:3      | Identified the +1 leather armour of the Armoured One
                  | {+Blink rC+}
  2273 | D:3      | Found a shimmering blue altar of Sif Muna.
  2578 | D:3      | Killed Tyrantos's ghost
  2579 | D:3      | Reached skill level 5 in Fighting
  2579 | D:3      | Gained mutation: You have a pair of small antennae on your
                  | head. [demonic ancestry]
  2579 | D:3      | Reached XP level 6. HP: 15/51 MP: 6/6
  2843 | D:4      | Found a hazy altar of Hepliaklqana.
  2948 | D:4      | Found a bloodstained altar of Trog.
  3053 | D:4      | Reached XP level 7. HP: 33/57 MP: 7/7
  3182 | D:4      | Reached skill level 5 in Axes
  3203 | D:4      | Reached skill level 6 in Fighting
  3472 | D:5      | Entered Level 5 of the Dungeon
  4040 | D:5      | Found a runed translucent door.
  4041 | D:5      | Noticed Crazy Yiuf
  4392 | D:5      | Found a staircase to the Ecumenical Temple.
  4401 | Temple   | Entered the Ecumenical Temple
  4566 | Temple   | Became a worshipper of Warmaster Okawaru
  4824 | D:5      | Killed Crazy Yiuf
  4893 | D:6      | Found Verawk's Armour Boutique.
  4898 | D:6      | Identified the +5 war axe of the Globe {heavy, rF- rN++
                  | rCorr Int+2}
  4918 | D:6      | Noticed Sigmund
  4925 | D:6      | Killed Sigmund
  4926 | D:6      | Reached skill level 7 in Fighting
  4926 | D:6      | Gained mutation: You have very sharp fingernails. [demonic
                  | ancestry]
  4926 | D:6      | Reached XP level 8. HP: 62/67 MP: 8/8
  5089 | D:6      | Noticed Duvessa
  5089 | D:6      | Noticed Dowan
  5093 | D:6      | Killed Dowan
  5096 | D:6      | HP: 1/67 [Duvessa/+0 short sword (12)]
  5103 | D:6      | HP: 1/67 [Duvessa/+0 short sword (9)]
  5105 | D:6      | Killed Duvessa
  5106 | D:6      | Reached skill level 1 in Dodging
  5340 | D:6      | Reached * piety under Okawaru
  5347 | D:6      | Found Yhie's Weapon Shop.
  5359 | D:6      | Reached skill level 8 in Fighting
  5472 | D:6      | Found Izxodus's Distillery.
  5480 | D:6      | Bought a potion of heal wounds for 60 gold pieces
  5480 | D:6      | Bought a potion of heal wounds for 60 gold pieces
  5484 | D:6      | Found Atat's Jewellery Emporium.
  5788 | D:7      | Reached XP level 9. HP: 71/74 MP: 9/9
  5794 | D:7      | HP: 3/74 [gnoll sergeant/+0 trident (7)]
  5797 | D:7      | Slain by a gnoll sergeant

Illustrated notes

Levels and vault maps discovered:
D:1:      heliophobic_arrival_glass_houses, layout_basic
D:2:      layout_loops_ring, dreamdust_ecumenical_altar_hidden_monk_grotto,
          due_unseen_surprise, uniq_robin
D:3:      layout_loops_ring, nicolae_sif_muna_condensation,
          mainiacjoe_overflow_boulevard,
          chequers_temple_overflow_statue_of_worship,
          biasface_ghost_orc_armoury, minmay_pentomino_pile
D:4:      layout_rooms, mainiacjoe_overflow_cross_hatched,
          nicolae_overflow_crystal_walls
D:5:      layout_loops_corners, minmay_temple_entry_nine_rooms,
          uniq_crazy_yiuf_cottage
D:6:      layout_basic, elyvilon_altar_3, serial_shops, shop, shop,
          nicolae_shop_tiny_glass, nicolae_shop_bloodbath_and_beyond,
          uniq_sigmund, uniq_duvessa
D:7:      layout_loops_corners, xom_butterflies, grunt_dithmenos_shadows,
          grunt_ministairs_10
Temple:   nicolae_temple_bog_church

Skill      XL: |  1  2  3  4  5  6  7  8 |
---------------+-------------------------+-----
Axes           | 2 3 4 6 |  6.4
Armour         | 3 4 |  4.4
Shields        | 3 |  3.4
Fighting       | 4 5 7 8 |  8.2
Dodging        | 2 |  2.9

Action                     |  1- 3 |  4- 6 |  7- 9 || total
---------------------------+-------+-------+-------++-------
  Melee: War axe           |    76 |       |    55 ||   131
         Hand axe          |    42 |   161 |    91 ||   294
         Kick              |       |    26 |    36 ||    62
    Use: Potion            |       |     1 |     4 ||     5
 Armour: Scale mail        |    61 |       |       ||    61
         Ring mail         |    26 |    65 |    69 ||   160
  Dodge: Dodged            |    58 |    67 |    90 ||   215
  Block: Buckler           |    28 |    24 |    54 ||   106

Table legend: (Time is in decaauts)
 A = Elapsed time spent in this place.
 B = Non-inter-level travel time spent in this place.
 C = Inter-level travel time spent in this place.
 D = Time resting spent in this place.
 E = Time spent auto-exploring this place.
 F = Levels seen in this place.
 G = Mean time per level.
                   A        B        C        D        E       F      G
               +--------+--------+--------+--------+--------+-----+--------+
         Total |   5921 |   5691 |    230 |    178 |   4529 |   8 |  740.1 |
       Dungeon |   5726 |   5526 |    200 |    178 |   4373 |   7 |  818.0 |
        Temple |    194 |    164 |     30 |      0 |    156 |   1 |  194.0 |
               +--------+--------+--------+--------+--------+-----+--------+

Top non-repeatable levels by time:
     D:5: 1237 daAuts
     D:3: 1199 daAuts
     D:1: 1032 daAuts
     D:6: 843 daAuts
     D:2: 659 daAuts
     D:4: 651 daAuts
  Temple: 194 daAuts
     D:7: 102 daAuts
